 Dungeon Crawl Stone Soup version 0.29-a0-284-gf9362112df (webtiles) character file.

Game seed: 10577715047757122765

263 sokol815 the Chopper (level 5, -8/41 HPs)
             Began as a Demonspawn Monk on Mar 25, 2022.
             Was a Priest of Wu Jian.
             Mangled by Duvessa
             ... wielding a +0 short sword of holy wrath
              (18 damage)
             ... on level 4 of the Dungeon.
             The game lasted 00:05:12 (3323 turns).

sokol815 the Chopper (Demonspawn Monk)              Turns: 3323, Time: 00:05:13

Health: -8/41      AC:  2    Str: 11    XL:     5   Next: 97%
Magic:  5/5        EV:  9    Int: 13    God:    Wu Jian [***...]
Gold:   166        SH:  0    Dex: 16    Spells: 3/4 levels left

rFire   . . .      SeeInvis .   a - +1 hand axe (venom)
rCold   . . .      Faith    .   (no shield)
rNeg    . . .      Spirit   .   h - +0 scale mail
rPois   .          Reflect  .   (no helmet)
rElec   .          Harm     .   c - +1 cloak
rCorr   .          Rampage  .   (no gloves)
Will    .....                   (no boots)
Stlth   +.........              (no amulet)
HPRegen 0.13/turn               Z - ring of wizardry {Wiz+, !d}
MPRegen 0.09/turn               j - ring of flight {+Fly, !d}

@: corroded, flying
A: thin metallic scales 1, weakness stinger 1
a: Renounce Religion, Wall Jump, Serpent's Lash


You were on level 4 of the Dungeon.
You worshipped Wu Jian.
Wu Jian was most pleased with you.
You visited 1 branch of the dungeon, and saw 4 of its levels.

You collected 166 gold pieces.

Inventory:

Hand Weapons
 a - a +1 hand axe of venom (weapon)
   (You found it on level 1 of the Dungeon)
 f - a +0 hand axe
Missiles
 g - 6 poisoned darts
 s - 97 stones
Armour
 b - a +0 robe
 c - a +1 cloak (worn)
   (You found it on level 1 of the Dungeon)
 d - a +0 leather armour
   (You found it on level 4 of the Dungeon)
 h - a +0 scale mail (worn)
   (You took it off an orc on level 4 of the Dungeon)
Jewellery
 j - a ring of flight (right hand) {+Fly, !d}
   (You found it on level 2 of the Dungeon)
 Z - a ring of wizardry (left hand) {Wiz+, !d}
   (You found it on level 2 of the Dungeon)
Scrolls
 Y - a scroll of teleportation {@r3}
Potions
 e - a potion of cancellation
 k - a potion of attraction {!q}
 G - a potion of ambrosia {!q}


   Skills:
 - Level 3.0 Fighting
 + Level 5.1 Axes
 - Level 2.6 Dodging
 - Level 1.7 Stealth
 * Level 3.3 Hexes


You had 3 spell levels left.
You knew the following spells:

 Your Spells              Type           Power      Damage    Failure   Level
s - Slow                  Hex            32%        N/A       21%         1

Your spell library contained the following spells:

 Spells                   Type           Power      Damage    Failure   Level
 Confusing Touch          Hex            8%         N/A       50%         3
 Corpse Rot               Necr/Air       0%         N/A       71%         2
 Vampiric Draining        Necr           0%         2d6       90%         3
 Dispel Undead            Necr           0%         3d6       99%         4
 Yara's Violent Unravell  Hex/Tmut       2%         3d3       100%        5
 Death Channel            Necr           0%         N/A       100%        6
 Enfeeble                 Hex            4%         N/A       100%        7


Dungeon Overview and Level Annotations

Branches:
Dungeon (4/15)             Temple (0/1) D:4

Altars:
Wu Jian

Annotations:
D:3 Grinder
D:4 Dowan, Duvessa


Innate Abilities, Weirdness & Mutations

You are partially covered in thin metallic scales. (AC +2)
You have a small tail.


Message History

The Council accepts your kill.
Your Hexes skill increases to level 3!
You take 2 damage, and have 18/41 hp.
You feel sick.
You start resting.
You feel sick. x5
You are no longer poisoned.
You take 5 damage, and have 13/41 hp.
You start resting.
Health restored: 41 You start removing your armour.
You continue taking off your +0 leather armour. x4
You finish taking off your +0 leather armour.
You start putting on your armour.
You continue putting on your +0 scale mail. x5
You finish putting on your +0 scale mail.
Things that are here:
a +0 whip; an orc skeleton
Found an escape hatch in the floor.
A dart slug comes into view.
You barely miss the dart slug. You hit the dart slug.
The dart slug bites you but does no damage.
You hit the dart slug.
The dart slug is poisoned.
You tail-slap the dart slug.
You kill the dart slug!
The Council accepts your kill.
No target in view!
s - 97 stones (gained 19)
Found a stone staircase leading up.
There is a stone staircase leading up here.
You reach down and open the door.
Found a staircase to the Ecumenical Temple.
There is an open door here.
You now have 166 gold pieces (gained 15).
You reach down and open the door.
Found a stone staircase leading down.
There is an open door here.
There is a stone staircase leading down here.
You reach down and open the door.
There is an open door here.
There is an open door here.
An iguana comes into view.
An iguana is nearby!
You hit the iguana but do no damage.
The iguana is poisoned.
The iguana barely misses you.
You hit the iguana. The iguana bites you.
You take 3 damage, and have 38/41 hp.
You barely miss the iguana. The iguana closely misses you.
You hit the iguana but do no damage.
The iguana looks as sick as possible!
Your tail-slap misses the iguana.
The iguana bites you but does no damage.
You closely miss the iguana. The iguana barely misses you.
You hit the iguana.
The iguana looks as sick as possible!
You kill the iguana!
The Council accepts your kill.
No target in view!
No target in view!
An adder comes into view.
The adder hisses angrily.
A jelly comes into view.
Health restored: 41 Duvessa and Dowan come into view.
Duvessa is wielding a +0 short sword of holy wrath.
Duvessa shouts!
You lunge at the adder.
You hit the adder but do no damage. The adder barely misses you.
The jelly quivers.
You hit the adder.
The adder is poisoned.
The adder bites you.
You take 1 damage, and have 40/41 hp.
You barely miss the adder. The adder bites you but does no damage.
The adder barely misses you.
You closely miss the adder. You barely miss the jelly.
The adder bites you but does no damage. The jelly completely misses you.
You slash the adder!
The adder looks as sick as possible!
You hit the jelly. The acid corrodes you!
Your hands burn!
The adder closely misses you. The jelly hits you but does no damage.
You take 2 damage, and have 38/41 hp.
You closely miss the adder. You hit the jelly.
Your hands burn!
You kill the adder!
The Council accepts your kill. The jelly hits you. The acid corrodes you!
You are splashed with acid!
Dowan gestures wildly while chanting.
Dowan blinks!
You take 16 damage, and have 22/41 hp.
MASSIVE DAMAGE!!
Okay, then.
You hit the jelly.
The jelly is poisoned.
Your hands burn!
You tail-slap the jelly, but do no damage.
You hit Dowan but do no damage.
Dowan is poisoned.
You closely miss Duvessa. The jelly hits you.
You are splashed with acid.
Duvessa drinks a potion.
Duvessa seems to grow stronger.
Dowan hits you with a +0 dagger.
* * * LOW HITPOINT WARNING * * *
You take 12 damage, and have 10/41 hp.
MASSIVE DAMAGE!!
You hit the jelly.
You kill the jelly!
The Council accepts your kill.
You barely miss Dowan. You hit Duvessa but do no damage.
Duvessa is poisoned.
Duvessa hits you with a +0 short sword of holy wrath!!
You die...

#e ..#.####.##'## #e
#.#.# #.#.... #.
#.#.# #.#....
####.#+#.#.####.#....
+)...........#.....##
#.###ยง.......##....#
##........##....#
#e........##....#
#@e.......##....#
#.........##....#
...........##....#
.##........##....# ..
#........####### .#
######### .$ ##


You could see Duvessa (strong, very poisoned) and Dowan (very poisoned).

Vanquished Creatures
  A necrophage (D:4)
  A jelly (D:4)
  2 orc priests (D:4)
  An iguana (D:4)
  5 adders
  2 worms (D:2)
  4 dart slugs
  3 orcs (D:4)
  A bat (D:2)
  7 endoplasms
  A giant cockroach (D:4)
  4 goblins
  6 hobgoblins
  2 quokkas
  6 ball pythons
  6 frilled lizards
  3 kobolds (D:1)
  7 rats
62 creatures vanquished.

Vanquished Creatures (others)
  29 plants (D:2)
29 creatures vanquished.

Grand Total: 91 creatures vanquished

Notes
Turn   | Place    | Note
-------+----------+-------------------------------------------
     0 | D:1      | sokol815 the Demonspawn Monk began the quest for the Orb.
     0 | D:1      | Reached XP level 1. HP: 18/18 MP: 1/1
   276 | D:1      | Reached skill level 3 in Axes
   282 | D:1      | Gained mutation: You are partially covered in thin metallic
                  | scales. (AC +2) [demonic ancestry]
   282 | D:1      | Reached XP level 2. HP: 9/24 MP: 2/2
   718 | D:1      | Found a faded altar of an unknown god.
   768 | D:1      | Prayed at the altar of an unknown god.
   768 | D:1      | Became a worshipper of the Wu Jian Council
   768 | D:1      | Reached * piety under Wu Jian
   768 | D:1      | Reached ** piety under Wu Jian
   878 | D:2      | Reached skill level 4 in Axes
   878 | D:2      | Reached XP level 3. HP: 12/29 MP: 3/3
  1217 | D:2      | Reached *** piety under Wu Jian
  1675 | D:2      | Reached XP level 4. HP: 33/35 MP: 4/4
  1733 | D:2      | Learned a level 1 spell: Slow
  2265 | D:3      | Noticed Grinder
  2823 | D:4      | Noticed a necrophage
  2838 | D:4      | Killed a necrophage
  2839 | D:4      | Reached skill level 2 in Hexes
  2839 | D:4      | Gained mutation: You have a small tail. [demonic ancestry]
  2839 | D:4      | Reached XP level 5. HP: 33/41 MP: 5/5
  2928 | D:4      | Reached skill level 5 in Axes
  2933 | D:4      | Reached skill level 3 in Hexes
  3232 | D:4      | Found a staircase to the Ecumenical Temple.
  3314 | D:4      | Noticed Duvessa
  3314 | D:4      | Noticed Dowan
  3322 | D:4      | HP: 10/41 [Dowan/+0 dagger (4)]
  3323 | D:4      | Mangled by Duvessa

Illustrated notes

Levels and vault maps discovered:
D:1:      saegor_arrival_simple_d, layout_rooms,
          hellmonk_ecumenical_altar_heavens_door, grunt_decor_fettered
D:2:      layout_loops_ring, serial_bayou_lagoon_a, minmay_misc_feat_ornament
D:3:      layout_basic, uniq_grinder
D:4:      layout_basic, minmay_temple_entry_glassed_door, uniq_duvessa

Skill      XL: |  1  2  3  4  5 |
---------------+----------------+-----
Axes           | 3 4 5 |  5.1
Hexes          | 2 3 |  3.3
Fighting       | |  3.0
Dodging        | |  2.6
Stealth        | |  1.7

Action                   |  1- 3 |  4- 6 || total
-------------------------+-------+-------++-------
Melee: Hand axe          |    96 |    65 ||   161
       Tailslap          |       |     6 ||     6
Throw: Stone             |    10 |       ||    10
Invok: Whirlwind         |     1 |       ||     1
       Lunge             |     4 |     6 ||    10
  Use: Scroll            |       |     9 ||     9
 Stab: Sleeping          |     4 |     4 ||     8
       Distracted        |       |     1 ||     1
Armor: Robe              |    18 |     7 ||    25
       Scale mail        |       |     5 ||     5
       Leather armour    |       |     2 ||     2
Dodge: Dodged            |    52 |    23 ||    75

Table legend: (Time is in decaauts)
 A = Elapsed time spent in this place.
 B = Non-inter-level travel time spent in this place.
 C = Inter-level travel time spent in this place.
 D = Time resting spent in this place.
 E = Time spent auto-exploring this place.
 F = Levels seen in this place.
 G = Mean time per level.
                   A        B        C        D        E       F      G
               +--------+--------+--------+--------+--------+-----+--------+
         Total |   3337 |   3255 |     82 |    764 |   2043 |   4 |  834.2 |
       Dungeon |   3337 |   3255 |     82 |    764 |   2043 |   4 |  834.2 |
               +--------+--------+--------+--------+--------+-----+--------+

Top non-repeatable levels by time:
     D:2: 1079 daAuts
     D:3: 895 daAuts
     D:1: 818 daAuts
     D:4: 543 daAuts

Table legend:
 A = Kills in this place as a percentage of kills in entire the game.
 B = Kills by you in this place as a percentage of kills by you in the entire game.
 C = Kills by friends in this place as a percentage of kills by friends in the entire game.
 D = Other kills in this place as a percentage of other kills in the entire game.
 E = Experience gained in this place as a percentage of experience gained in the entire game.
 F = Experience gained in this place divided by the number of levels of this place that you have seen.
                   A       B       C       D       E      F
               +-------+-------+-------+-------+-------+----------------------
         Total | 100.0 | 100.0 |   N/A |   N/A | 100.0 | 104.5
       Dungeon | 100.0 | 100.0 |   N/A |   N/A | 100.0 | 104.5
               +-------+-------+-------+-------+-------+----------------------
